 Dungeon Crawl Stone Soup version 0.26-a0-642-g67e99244d3 (webtiles) character file.

Game seed: 5985394322581187538

52 Descartes the Magician (level 3, -9/19 HPs)
             Began as a Deep Elf Hedge Wizard on Sept 23, 2020.
             Blown up by Ijyb (28 damage)
             ... with a disintegration bolt
             ... on level 3 of the Dungeon.
             The game lasted 00:03:46 (2309 turns).

Descartes the Magician (Deep Elf Hedge Wizard)      Turns: 2309, Time: 00:03:46

Health: -9/19      AC:  4    Str:  7    XL:     3   Next: 60%
Magic:  10/11      EV: 12    Int: 19    God:
Gold:   130        SH:  0    Dex: 14    Spells: 11/12 levels left

rFire    + . .     SeeInvis .   (no weapon)
rCold    x . .     Faith    .   (no shield)
rNeg     . . .     Spirit   .   d - +0 leather armour
rPois    .         Reflect  .   c - +0 hat
rElec    .         Harm     .   (no cloak)
rCorr    .         Rampage  .   (no gloves)
MR       .....                  r - +0 pair of boots
Stlth    ++........             (no amulet)
HPRegen  0.06/turn              k - ring of fire
MPRegen  0.12/turn              (no ring)

@: no status effects
A: no striking features
a: no special abilities


You were on level 3 of the Dungeon.
You visited 1 branch of the dungeon, and saw 3 of its levels.

You collected 130 gold pieces.

Inventory:

Hand Weapons
 v - a +2 dagger of venom
Missiles
 h - 60 stones (quivered)
 j - 66 arrows
Armour
 b - a +0 robe
 c - a +0 hat (worn)
 d - a +0 leather armour (worn)
 r - a +0 pair of boots (worn)
Jewellery
 k - a ring of fire (left hand)
Scrolls
 e - a scroll of noise {unknown}
 i - 2 scrolls of remove curse {unknown}
 m - a scroll of fog {unknown}
 p - a scroll of identify {unknown}
 s - 4 scrolls of teleportation {unknown}
 t - a scroll of enchant armour {unknown}
 u - 3 scrolls of amnesia {unknown}
Potions
 g - a potion of haste {unknown}
 l - a potion of lignification {unknown}
 n - a potion of stabbing {unknown}
 o - a potion of brilliance {unknown}
 q - a potion of heal wounds {unknown}


   Skills:
 + Level 3.2 Dodging
 + Level 3.3 Stealth
 - Level 5.0 Spellcasting
 + Level 2.1 Conjurations
   Level 1.1 Summonings
   Level 1.1 Translocations


You had 11 spell levels left.
You knew the following spells:

 Your Spells              Type           Power        Failure   Level
a - Magic Dart            Conj           ##..         8%          1

Your spell library contained the following spells:

 Spells                   Type           Power        Failure   Level
 Blink                    Tloc           N/A          19%         2
 Call Imp                 Summ           #.......     19%         2
 Slow                     Hex            #.......     28%         2
 Conjure Flame            Conj/Fire      ##......     36%         3
 Mephitic Cloud           Conj/Pois/Air  #.......     38%         3


Dungeon Overview and Level Annotations

Branches:
Dungeon (3/15)

Altars:
Okawaru
Yredelemnul

Annotations:
D:3 Ijyb


Message History

Unknown command.
Casting: Magic Dart (safe; 8% risk of failure)
Confirm with . or Enter, or press ? or * to list all spells.
You can't see any susceptible monsters within range! (Use Z to cast anyway.)
Casting: Magic Dart (safe; 8% risk of failure)
Confirm with . or Enter, or press ? or * to list all spells.
You can't see any susceptible monsters within range! (Use Z to cast anyway.)
i - 2 scrolls labeled KOADIFEAGA (gained 1)
Found a stone staircase leading down.
Ijyb the Twisted Goblin comes into view.
She is wielding a +0 dagger and carrying a wand of disintegration (13).
Casting: Magic Dart (safe; 8% risk of failure)
Confirm with . or Enter, or press ? or * to list all spells.
Aiming: Magic Dart (safe; 8% risk of failure)
Press: ? - help, Shift-Dir - straight line, f - Ijyb
Aim: Ijyb, wielding a +0 dagger, wearing a +0 leather armour and carrying a wand of disintegration (13) (asleep)
The magic dart hits Ijyb but does no damage.
Ijyb shouts!
Ijyb zaps a wand.
You are blasted!
Ouch! That really hurt!
You die...

# #. #.#+#########
#...........#
g#...........###########
......................).
.................†....##
.......@..............#
..>..#######..........#
##. #..........#
#..........# #..........#
#..........# #..........#
#######..........#
..#####................##


You could see Ijyb.

Vanquished Creatures
  3 adders (D:2)
  A giant cockroach (D:1)
  3 goblins
  2 hobgoblins
  2 ball pythons (D:1)
  6 bats
  4 frilled lizards
  2 kobolds
  7 rats
30 creatures vanquished.

Notes
Turn   | Place    | Note
-------+----------+-------------------------------------------
     0 | D:1      | Descartes the Deep Elf Hedge Wizard began the quest for the
                  | Orb.
     0 | D:1      | Reached XP level 1. HP: 10/10 MP: 7/7
   732 | D:1      | Reached XP level 2. HP: 15/15 MP: 7/9
  1534 | D:2      | Reached XP level 3. HP: 19/19 MP: 4/11
  1677 | D:2      | Found an iron altar of Okawaru.
  1779 | D:2      | Reached skill level 5 in Spellcasting
  1961 | D:2      | Found a basalt altar of Yredelemnul.
  2308 | D:3      | Noticed Ijyb
  2309 | D:3      | Blown up by Ijyb

Illustrated notes

Levels and vault maps discovered:
D:1:      scummos_arrival_checkerplants, layout_basic, hangedman_decor_riveting
D:2:      layout_basic, yredelemnul_altar_generic, okawaru_metal_pillars_1_2
D:3:      layout_basic, uniq_ijyb

Skill      XL: |  1  2  3 |
---------------+----------+-----
Stealth        | 3 |  3.3
Dodging        | 3 |  3.2
Conjurations   | 2 |  2.1
Spellcasting   | 5 |  5.0
Summonings     | |  1.1
Translocations | |  1.1

Action                   || total
-------------------------++-------
Melee: Dagger            ||     2
 Cast: Magic Dart        ||    72
Armor: Robe              ||     2
       Leather armour    ||     2
Dodge: Dodged            ||    15

Table legend: (Time is in decaauts)
 A = Elapsed time spent in this place.
 B = Non-inter-level travel time spent in this place.
 C = Inter-level travel time spent in this place.
 D = Time resting spent in this place.
 E = Time spent auto-exploring this place.
 F = Levels seen in this place.
 G = Mean time per level.
                   A        B        C        D        E       F      G
               +--------+--------+--------+--------+--------+-----+--------+
         Total |   2308 |   2240 |     68 |      0 |   2063 |   3 |  769.3 |
       Dungeon |   2308 |   2240 |     68 |      0 |   2063 |   3 |  769.3 |
               +--------+--------+--------+--------+--------+-----+--------+

Top non-repeatable levels by time:
     D:2: 1098 daAuts
     D:1: 1069 daAuts
     D:3: 140 daAuts
